 Dungeon Crawl Stone Soup version 0.20.1-1-g8b1a95d (webtiles) character file.

22 rrrobi the Grave Robber (level 2, -1/19 HPs)
             Began as a Vampire Necromancer on Nov 14, 2017.
             Slain by a jackal (3 damage)
             ... on level 1 of the Dungeon.
             The game lasted 00:14:51 (883 turns).

rrrobi the Grave Robber (Vampire Necromancer)        Turns: 883, Time: 00:14:51

Health: -1/19      AC:  3    Str:  7    XL:     2   Next: 68%
Magic:  0/5        EV: 12    Int: 17    God:
Gold:   66         SH:  0    Dex: 14    Spells: 3/5 levels left

rFire    . . .     SeeInvis +   j - +0 club
rCold    . . .     Gourm    .   (no shield)
rNeg     + . .     Faith    .   g - +0 leather armour
rPois    .         Spirit   .   (no helmet)
rElec    .         Reflect  .   (no cloak)
rCorr    .         Harm     .   (no gloves)
MR       .....                  (no boots)
Stlth    ++........             (no amulet)
Regen    0.1/turn               (no ring)
MPRegen  0.1/turn               (no ring)

@: no status effects
A: fangs 3, see invisible, unbreathing
a: no special abilities


You were on level 1 of the Dungeon.
You were not thirsty.

You visited 1 branch of the dungeon, and saw 2 of its levels.

You collected 66 gold pieces.

Inventory:

Hand Weapons
 j - a +0 club (weapon)
 l - a +0 hand axe
 m - a +0 whip
Missiles
 f - 25 sling bullets
 h - 4 stones (quivered)
Armour
 a - a +0 robe
 g - a +0 leather armour (worn)
 k - a +0 chain mail
Scrolls
 d - 4 scrolls of identify {unknown}
 e - 2 scrolls of teleportation {unknown}
Potions
 c - 6 potions of blood
Books
 b - a book of Necromancy

   Spells                             Type                      Level
   a - Pain                           Necromancy                   1
   b - Animate Skeleton               Necromancy                   1
   c - Vampiric Draining              Necromancy                   3
   d - Regeneration                   Charms/Necromancy            3
   e - Animate Dead                   Necromancy                   4
   f - Control Undead                 Necromancy                   4
Comestibles
 n - a meat ration


   Skills:
 + Level 2.2 Dodging
 + Level 3.0 Stealth
 + Level 2.1 Spellcasting
 + Level 5.1 Necromancy


You had 3 spell levels left.
You knew the following spells:

 Your Spells              Type           Power        Failure   Level  Hunger
a - Pain                  Necr           ###.         3%          1    #......
b - Animate Skeleton      Necr           N/A          3%          1    #......


Dungeon Overview and Level Annotations

Branches:
Dungeon (2/15)

Altars:


Innate Abilities, Weirdness & Mutations

You have razor-sharp teeth.
You have supernaturally acute eyesight. (SInv)
You can survive without breathing.


Message History

The jackal closely misses you.
You climb upwards.
There is a stone staircase leading down here.
You closely miss the jackal.
The jackal is almost dead.
The jackal bites you.
The jackal bites you but does no damage.
The jackal bites you. The jackal barely misses you.
Casting: Pain
Confirm with . or Enter, or press ? or * to list all spells.
Aiming: Pain
Press: ? - help, Shift-Dir - straight line, f - jackal
Aim: a jackal (almost dead, chance to defeat MR: 89%)
The jackal barely resists.
The jackal closely misses you. The jackal barely misses you.
The jackal bites you.
* * * LOW HITPOINT WARNING * * *
The jackal bites you.
* * * LOW HITPOINT WARNING * * *
Yummy - fresh blood!
The jackal bites you.
You die...

..........# #..#.#####..# #
..........# #.#.# #..# #
##.^......# #...#####..# #
#...####### ##..#......# #
#.........####..#.####.# #
##..............#.####.# #
#........#####.#......# #
#........#####h######## #
#.............@h....##
#................#...##########
#................#...#.........
#........#.....###...#.........
#........#.....# #.............
#........#.....# #.............
#........#.....# #......#######
#..............# #......#
#..............# ##.#####


You could see 2 jackals.

Vanquished Creatures
  An ooze (D:1)
  4 giant cockroaches (D:1)
  2 goblins (D:1)
  2 hobgoblins (D:1)
  A jackal (D:2)
  2 bats (D:1)
  A frilled lizard (D:1)
  3 kobolds (D:1)
  A rat (D:1)
17 creatures vanquished.

Notes
Turn   | Place    | Note
-------+----------+-------------------------------------------
     0 | D:1      | rrrobi the Vampire Necromancer began the quest for the Orb.
     0 | D:1      | Reached XP level 1. HP: 13/13 MP: 3/3
     2 | D:1      | Learned a level 1 spell: Animate Skeleton
     8 | D:1      | Noticed a wyvern
     8 | D:1      | Noticed a water moccasin
     9 | D:1      | Noticed a lindwurm
     9 | D:1      | Noticed a black bear
   466 | D:1      | Reached XP level 2. HP: 14/19 MP: 0/5
   620 | D:1      | Reached skill level 5 in Necromancy
   883 | D:1      | Slain by a jackal

Skill      XL: |  1  2 |
---------------+-------+-----
Necromancy     | 5 |  5.1
Dodging        | |  2.2
Stealth        | |  3.0
Spellcasting   | |  2.1

Action                   || total
-------------------------++-------
Melee: Unarmed           ||    16
       Club              ||     1
 Cast: Pain              ||    29
       Animate Skeleton  ||     4
  Use: Potion            ||     1
Armor: Leather armour    ||    11
       Robe              ||     2
Dodge: Dodged            ||    29
